 Dungeon Crawl Stone Soup version 0.31-a0-971-g75a2e9a4b4 (webtiles) character file.

Game seed: 4861058376948479615

1510 BinkBink the Trooper (level 9, -5/71 HPs)
             Began as a Formicid Hunter on Oct 28, 2023.
             Was an Initiate of the Shining One.
             Slain by a gnoll
             ... wielding a +0 halberd
              (10 damage)
             ... on level 6 of the Dungeon.
             The game lasted 00:11:05 (4770 turns).

BinkBink the Trooper (Formicid Hunter)              Turns: 4770, Time: 00:11:06

Health: -5/71      AC:  6    Str: 15    XL:     9   Next: 9%
Magic:  9/9        EV: 15    Int: 10    God:    the Shining One [......]
Gold:   284        SH:  0    Dex: 21    Spells: 8/8 levels left

rFire   . . .        a - +0 shortbow
rCold   . . .        (no shield)
rNeg    . . .        c - +0 leather armour
rPois   +            (helmet unavailable)
rElec   .            (no cloak)
rCorr   .            l - +2 pair of gloves
SInv    +            (no boots)
Will    .....        d - amulet of regeneration
Stlth   +            t - ring of poison resistance
HPRegen 1.11/turn    (no ring)
MPRegen 0.11/turn

%: no passive effects
@: glowing
A: permanent stasis, dig shafts and tunnels, antennae 3, four strong arms
a: Dig, Shaft Self, Renounce Religion


You were on level 6 of the Dungeon.
You worshipped the Shining One.
The Shining One was noncommittal.
You visited 1 branch of the dungeon, and saw 6 of its levels.

You collected 284 gold pieces.

Inventory:

Hand Weapons
 a - a +0 shortbow (weapon)
 B - a +1 long sword of draining
Missiles
 m - 4 throwing nets
Armour
 c - a +0 leather armour (worn)
 l - a +2 pair of gloves (worn)
Jewellery
 d - an amulet of regeneration (around neck)
 h - an amulet of magic regeneration
 t - a ring of poison resistance (left hand)
Wands
 b - a wand of mindburst (19)
 o - a wand of flame (28)
 u - a wand of quicksilver (12)
Scrolls
 j - a scroll of vulnerability
 n - a scroll of immolation
Potions
 e - 2 potions of attraction {unknown}
 g - 3 potions of curing
 p - 2 potions of haste {unknown}
 q - a potion of mutation {unknown}
 s - a potion of degeneration {unknown}
 v - a potion of might {unknown}
 z - a potion of berserk rage {unknown}


   Skills:
 + Level 6.8 Fighting
 + Level 3.8 Long Blades
 - Level 5.1 Ranged Weapons
 + Level 4.3 Armour
 + Level 5.5 Dodging
 - Level 1.2 Stealth


You had 8 spell levels left.
You didn't know any spells.
Your spell library contained the following spells:

 Spells                   Type           Power      Damage    Failure   Level
 Lesser Beckoning         Tloc           0%         N/A       56%         2
 Dazzling Flash           Conj/Hex       0%         N/A       80%         3
 Frozen Ramparts          Ice            0%         1d1       80%         3
 Gell's Gravitas          Tloc           0%         N/A       80%         3
 Teleport Other           Tloc           0%         N/A       80%         3
 Volatile Blastmotes      Fire/Tloc      0%         2d10      80%         3
 Leda's Liquefaction      Hex/Erth       0%         N/A       99%         4
 Petrify                  Tmut/Erth      0%         N/A       99%         4
 Lee's Rapid Deconstruct  Erth           0%         3d4*      100%        5
 Metabolic Englaciation   Hex/Ice        0%         N/A       100%        5
 Bombard                  Conj/Erth      0%         9d1       100%        6
 Starburst                Conj/Fire      0%         6d3       100%        6
 Maxwell's Capacitive Co  Air            0%         ∞         100%        8


Dungeon Overview and Level Annotations

Branches:
Dungeon (6/15)
 Temple: D:4-7

Altars:
Hepliaklqana
Kikubaaqudgha
Okawaru
Trog
Xom
Yredelemnul
The Shining One

Shops:
D:5 *


Innate Abilities, Weirdness & Mutations

You cannot be hasted, slowed, berserked, paralysed or teleported.
You can dig through walls and to a lower floor.
You have a pair of large antennae on your head. (SInv)
Your four strong arms can wield two-handed weapons with a shield.


Message History

The gnoll barely misses you. The gnoll misses you.
Fire: a) +0 shortbow
Press: ? - help, Q - select action, (/) - cycle Shift-Dir - straight line, f - phantom
Aim: a phantom (58% to hit)
You shoot an arrow. The arrow hits the phantom!
The phantom is moderately damaged.
The howler monkey hoots and howls with incredible vigour!
The phantom completely misses you.
The gnoll hits you from afar with a +0 spear.
* * * LOW HITPOINT WARNING * * *
The gnoll hits you from afar with a +0 halberd!
* * * LOW HITPOINT WARNING * * *
The phantom hits you but does no damage.
The howler monkey hoots and howls with incredible vigour!
You hear a shout!
Unknown command.
Fire: a) +0 shortbow
Press: ? - help, Q - select action, (/) - cycle Shift-Dir - straight line, f/p - phantom
Aim: a phantom (moderately damaged, 58% to hit)
You shoot an arrow. The arrow hits the phantom.
The phantom is heavily damaged.
The gnoll misses you. The gnoll barely misses you. The phantom hits you.
* * * LOW HITPOINT WARNING * * *
Fire: a) +0 shortbow
Press: ? - help, Q - select action, (/) - cycle Shift-Dir - straight line, f/p - phantom
Aim: a phantom (heavily damaged, 58% to hit)
You shoot an arrow. The arrow closely misses the phantom.
The arrow hits the gnoll but does no damage.
The gnoll hits you from afar with a +0 spear.
* * * LOW HITPOINT WARNING * * *
The gnoll misses you.
The phantom hits you but does no damage.
The gnoll completely misses you.
Fire: a) +0 shortbow
Press: ? - help, Q - select action, (/) - cycle Shift-Dir - straight line, f/p - phantom
Aim: a phantom (heavily damaged, 58% to hit)
You shoot an arrow. The arrow hits the phantom.
The phantom is severely damaged.
The gnoll hits you from afar with a +0 halberd!
You die...

.#...............
..........h......
..........{..## .
.............## # # ..
.<..........{.# .#.#...
............T####......#
.............hg.......#
........#....sgW##....#
.....#..#....{g#@.....#
#...###...##...##..#.##
##### ##.###.... .## ##
#.....## #..#### ##.#
###


You could see a troll, a phantom, a scorpion, a howler monkey and 2 gnolls.

Vanquished Creatures
  2 slime creatures (D:5)
  A steam dragon (D:5)
  3 kobold brigands (D:5)
  2 scorpions
  4 jellies (D:5)
  A hound (D:5)
  An orc priest (D:4)
  2 iguanas (D:5)
  2 orc wizards
  Natasha (thrice) (D:3)
  5 gnolls
  4 adders
  A worm (D:4)
  4 dart slugs
  7 orcs
  7 ball pythons
  11 endoplasms
  5 goblins
  13 hobgoblins
  2 jackals (D:2)
  12 kobolds
  4 quokkas
  A bat (D:2)
  2 frilled lizards
  7 rats
  A spectral goblin (D:3)
107 creatures vanquished.

Notes
Turn   | Place    | Note
-------+----------+-------------------------------------------
     0 | D:1      | BinkBink the Formicid Hunter began the quest for the Orb.
     0 | D:1      | Reached XP level 1. HP: 16/16 MP: 1/1
    61 | D:1      | Reached XP level 2. HP: 23/23 MP: 2/2
   560 | D:1      | Reached XP level 3. HP: 28/28 MP: 3/3
   719 | D:2      | Reached skill level 3 in Fighting
   890 | D:2      | Reached XP level 4. HP: 35/35 MP: 4/4
  1545 | D:3      | Found a faded altar of an unknown god.
  1624 | D:3      | Noticed a scorpion
  1634 | D:3      | Killed a scorpion
  1635 | D:3      | Reached XP level 5. HP: 27/42 MP: 5/5
  1687 | D:3      | Noticed Natasha
  1693 | D:3      | Killed Natasha
  1773 | D:3      | Noticed Natasha
  1787 | D:3      | Killed Natasha
  1788 | D:3      | Reached skill level 4 in Fighting
  1788 | D:3      | Reached skill level 5 in Ranged Weapons
  1881 | D:3      | Noticed Natasha
  1888 | D:3      | Killed Natasha
  1889 | D:3      | Reached XP level 6. HP: 48/48 MP: 6/6
  2832 | D:5      | Entered Level 5 of the Dungeon
  2925 | D:5      | Found a bloodstained altar of Trog.
  2944 | D:5      | Reached XP level 7. HP: 55/55 MP: 7/7
  2958 | D:5      | Found an iron altar of Okawaru.
  2971 | D:5      | Reached skill level 5 in Fighting
  2984 | D:5      | Noticed a steam dragon
  2997 | D:5      | Killed a steam dragon
  2998 | D:5      | Reached skill level 1 in Long Blades
  2998 | D:5      | Reached skill level 1 in Armour
  3123 | D:5      | Found Ipeing's General Store.
  3458 | D:5      | Reached XP level 8. HP: 54/64 MP: 8/8
  3522 | D:5      | Noticed a slime creature
  3528 | D:5      | Noticed a slime creature
  4033 | D:5      | Reached skill level 6 in Fighting
  4089 | D:5      | Noticed a slime creature
  4156 | D:5      | Reached skill level 5 in Dodging
  4250 | D:5      | Found an iron altar of Okawaru.
  4250 | D:5      | Found a shimmering altar of Xom.
  4250 | D:5      | Found a hazy altar of Hepliaklqana.
  4250 | D:5      | Found an ancient bone altar of Kikubaaqudgha.
  4250 | D:5      | Found a basalt altar of Yredelemnul.
  4250 | D:5      | Found a glowing golden altar of the Shining One.
  4293 | D:5      | Killed a slime creature
  4473 | D:5      | Killed a large slime creature
  4474 | D:5      | Reached XP level 9. HP: 40/71 MP: 9/9
  4541 | D:5      | Became a worshipper of the Shining One
  4720 | D:6      | Noticed a troll
  4770 | D:6      | Slain by a gnoll

Illustrated notes

Levels and vault maps discovered:
D:1:      minmay_arrival_arboretum_small, layout_basic
D:2:      layout_basic
D:3:      layout_rooms, dreamdust_ecumenical_altar_drowned_temple,
          chequers_mini_garden, uniq_natasha
D:4:      minmay_skewed_foursquare, layout_basic, serial_aquarium,
          aquarium_bridge_straight [aquarium_subvault_bridge,
          aquarium_subvault_balcony, aquarium_subvault_bridge,
          aquarium_subvault_wall], aquarium_window_corridor_2,
          aquarium_window_fake, aquarium_view_2b, kennysheep_generic_room_6
D:5:      cheibrodos_fertilizer, layout_basic, okawaru_trees_2,
          trog_hazing_becter, nicolae_take_the_stairs
D:6:      layout_cave_pools, grunt_temple_overflow_order_and_chaos_2,
          vehumet_altar_wand_db, minmay_temple_entry_mini_moons

Skill      XL: |  1  2  3  4  5  6  7  8 |
---------------+-------------------------+-----
Dodging        | 2 3 4 5 |  5.5
Fighting       | 3 4 5 6 |  6.8
Ranged Weapons | 5 |  5.1
Long Blades    | 2 3 |  3.8
Armour         | 2 4 |  4.3
Stealth        | |  1.2

Action                     |  1- 3 |  4- 6 |  7- 9 || total
---------------------------+-------+-------+-------++-------
  Melee: Long sword        |       |       |   160 ||   160
         Punch             |       |       |     4 ||     4
   Fire: Shortbow          |    64 |   204 |    28 ||   296
Ability: Dig               |       |     1 |       ||     1
    Use: Scroll            |       |       |    12 ||    12
 Armour: Skin              |    10 |    47 |     1 ||    58
         Leather armour    |       |       |   146 ||   146
  Dodge: Dodged            |    12 |    41 |   169 ||   222

Table legend: (Time is in decaauts)
 A = Elapsed time spent in this place.
 B = Non-inter-level travel time spent in this place.
 C = Inter-level travel time spent in this place.
 D = Time resting spent in this place.
 E = Time spent auto-exploring this place.
 F = Levels seen in this place.
 G = Mean time per level.
                   A        B        C        D        E       F      G
               +--------+--------+--------+--------+--------+-----+--------+
         Total |   4879 |   4684 |    195 |    335 |   2973 |   6 |  813.2 |
       Dungeon |   4879 |   4684 |    195 |    335 |   2973 |   6 |  813.2 |
               +--------+--------+--------+--------+--------+-----+--------+

Top non-repeatable levels by time:
     D:5: 1906 daAuts
     D:2: 843 daAuts
     D:4: 795 daAuts
     D:1: 694 daAuts
     D:3: 551 daAuts
     D:6: 88 daAuts
